 Dungeon Crawl Stone Soup version 0.31-a0-1025-g2e47921a08 (webtiles) character file.

Game seed: 15848508606095036228

1662222 Sergey the Acrobat (level 25, 137/137 HPs)
             Began as a Spriggan Monk on Nov 17, 2023.
             Was a High Priest of Okawaru.
             Escaped with the Orb
             ... and 3 runes!
             The game lasted 02:44:43 (66378 turns).

Sergey the Acrobat (Spriggan Monk)                 Turns: 66378, Time: 02:44:44

Health: 137/137    AC: 20    Str: 17    XL:     25   Next: 16%
Magic:  53/53      EV: 51    Int: 14    God:    Okawaru [*****.]
Gold:   4008       SH: 12    Dex: 35    Spells: 50/57 levels left

rFire   + . .        s - +7 hand cannon "Mule" {flame, backblast, rF+}
rCold   + . .        l - +3 warlock's mirror {omnireflect}
rNeg    . . .        a - +6 faerie dragon scales {rPois rCorr Int+2}
rPois   +            r - +0 hat of the Fife {rC+ Str+4}
rElec   +            K - +4 dragonskin cloak
rCorr   +            (gloves unavailable)
SInv    +            (boots unavailable)
Will    ++++.        B - amulet of guardian spirit
Stlth   +++          u - ring of the Bruised Ziggurats {rElec rPois rC- MP+9 Dex+6}
HPRegen 0.42/turn    H - ring of Equivalence {Wiz Drain rC+ Str+6}
MPRegen 0.33/turn

%: reflection, guardian spirit, wizardry (x1)
@: studying Shields, very quick
A: very small, no large weapons, unfitting armour, see invisible, speed 3
0: Orb of Zot
}: 3/15 runes: decaying, serpentine, abyssal
a: Renounce Religion, Heroism, Finesse, Duel


You escaped.
You worshipped Okawaru.
Okawaru was extremely pleased with you.
You visited 10 branches of the dungeon, and saw 47 of its levels.
You visited the Abyss 2 times.
You also visited: Trove, Gauntlet, Ice Cave and Wizlab.

You collected 7582 gold pieces.
You spent 3574 gold pieces at shops.

Inventory:

Hand Weapons
 k - a +7 quick blade of electrocution
 s - the +7 hand cannon "Mule" (weapon) {flame, backblast, rF+}
   (You found it in a treasure trove)

   rF+:       It protects you from fire.
 w - the +7 quick blade of the Arena {venom, rC+ rCorr}
   (You found it in a treasure trove)

   rC+:       It protects you from cold.
   rCorr:     It protects you from acid and corrosion.
 W - a +9 hand cannon of draining
Missiles
 q - 24 atropa-tipped darts
 D - a throwing net
 O - 18 curare-tipped darts
Armour
 a - the +6 faerie dragon scales (worn) {rPois rCorr Int+2}
   (You took it off the Enchantress on level 3 of the Depths)

   Int+2:     It affects your intelligence (+2).
   rPois:     It protects you from poison rCorr: It protects you from acid and
   corrosion.
 d - a scarf of resistance
 j - a +3 troll leather armour
 l - the +3 warlock's mirror (worn) {omnireflect}
   (Okawaru gifted it to you on level 4 of the Lair of Beasts)

   Omnireflect: It can block and reflect piercing ranged attacks and magical
   attacks against the wielder's willpower.
 r - the +0 hat of the Fife (worn) {rC+ Str+4}
   (You acquired it on level 15 of the Dungeon)

   Str+4:     It affects your strength (+4).
   rC+:       It protects you from cold.
 y - the +1 cloak of the Midnight Sun {rElec rC+ Slay+2}
   (You found it in a Gauntlet)

   Slay+2:    It affects your accuracy & damage with ranged weapons and melee
   (+2).
   rC+:       It protects you from cold.
   rElec:     It insulates you from electricity.
 K - the +4 dragonskin cloak (worn)
   (You took it off Tiamat on level 2 of the Realm of Zot)

   Avatar's Aegis: It grants the wearer a chance to resist fire, cold, poison,
   electricity, acid, and negative energy.
Jewellery
 u - the ring of the Bruised Ziggurats (left hand) {rElec rPois rC- MP+9 Dex+6}
   (You acquired it on level 1 of the Swamp)

   [ring of dexterity]

   Dex+6:     It affects your dexterity (+6).
   rC-:       It makes you vulnerable to cold.
   rElec:     It insulates you from electricity.
   rPois:     It protects you from poison MP+9: It affects your magic capacity
   (+9).
 B - an amulet of guardian spirit (around neck)
 H - the ring of Equivalence (right hand) {Wiz Drain rC+ Str+6}
   (You found it on level 7 of the Dungeon)

   [ring of wizardry]

   Wiz:       It improves your spell success rate.
   Str+6:     It affects your strength (+6).
   rC+:       It protects you from cold.
   Drain:     It drains your maximum health when unequipped.
 N - the ring of Divine Intervention {rF+ Int+4}
   (You bought it in a shop on level 12 of the Dungeon)

   [ring of protection from fire]

   Int+4:     It affects your intelligence (+4).
   rF+:       It protects you from fire.
 S - the ring "Fikhlusk" {*Slow rPois rN+ rCorr Stlth+}
   (You bought it in a shop on level 2 of the Orcish Mines)

   [ring of positive energy]

   rPois:     It protects you from poison rN+: It protects you from negative
   energy.
   rCorr:     It protects you from acid and corrosion.
   *Slow:     It may slow you when you take damage.
   Stlth+:    It makes you more stealthy.
 U - a ring of positive energy
 V - the ring of Suspicion {rC+ Will++ Dex-3}
   (You bought it in a shop on level 2 of the Orcish Mines)

   [ring of protection from cold]

   Dex-3:     It affects your dexterity (-3).
   rC+:       It protects you from cold.
   Will++:    It greatly increases your willpower.
Wands
 c - a wand of quicksilver (22)
 i - a wand of roots (44)
 m - a wand of mindburst (24)
 p - a wand of paralysis (23)
 v - a wand of digging (1)
Scrolls
 b - 2 scrolls of silence {!r}
 g - 9 scrolls of enchant armour
 z - 8 scrolls of immolation
 C - 8 scrolls of fear
 F - 3 scrolls of fog {@r2}
 G - 11 scrolls of teleportation {@r3}
 I - 7 scrolls of poison
 Q - 7 scrolls of vulnerability {!r}
 T - 19 scrolls of identify {@r1}
 Y - 2 scrolls of blinking {@r4}
 Z - 2 scrolls of brand weapon
Potions
 e - 5 potions of ambrosia
 h - 3 potions of enlightenment
 n - 4 potions of cancellation
 o - 10 potions of curing {@q2}
 x - 7 potions of mutation
 A - 5 potions of heal wounds {@q1}
 E - 5 potions of might {@q3}
 J - a potion of resistance
 L - 4 potions of lignification
 M - 3 potions of brilliance
 P - 5 potions of haste {@q5}
 X - a potion of invisibility
Miscellaneous
 f - a phial of floods (inert)
 R - a lightning rod (2/4)


   Skills:
 + Level 15.8 Fighting
 - Level 14.0 Short Blades
 - Level 22.0 Ranged Weapons
 + Level 11.1 Armour
 - Level 22.0 Dodging
 - Level 22.0 Stealth
 - Level 10.0 Shields
 + Level 16.6 Spellcasting
 - Level 6.0 Hexes
 - Level 10.0 Translocations
 - Level 14.0 Invocations
 - Level 14.0 Evocations


You had 50 spell levels left.
You knew the following spells:

 Your Spells              Type           Power      Damage    Failure   Level
a - Dimensional Bullseye  Hex/Tloc       17%        N/A       1%          4
e - Blink                 Tloc           78%        N/A       1%          2
j - Apportation           Tloc           78%        N/A       1%          1

Your spell library contained the following spells:

 Spells                   Type           Power      Damage    Failure   Level
 Jinxbite                 Hex            56%        N/A       1%          2
 Lesser Beckoning         Tloc           78%        N/A       1%          2
 Momentum Strike          Conj/Tloc      50%        3d9       1%          2
 Confusing Touch          Hex            28%        N/A       1%          3
 Gell's Gravitas          Tloc           39%        N/A       1%          3
 Teleport Other           Tloc           39%        N/A       1%          3
 Manifold Assault         Tloc           39%        N/A       1%          4
 Passage of Golubria      Tloc           39%        N/A       1%          4
 Cause Fear               Hex            14%        N/A       2%          4
 Freeze                   Ice            44%        1d6       3%          1
 Kiss of Death            Conj/Necr      44%        2d8       3%          1
 Magic Dart               Conj           44%        1d5       3%          1
 Sandblast                Erth           22%        2d7       3%          1
 Sting                    Tmut/Pois      44%        1d5       3%          1
 Cigotuvi's Dreadful Rot  Necr/Pois/Air  22%        N/A       4%          2
 Passwall                 Tmut/Erth      9%         N/A       4%          2
 Poisonous Vapours        Pois/Air       22%        N/A       4%          2
 Searing Ray              Conj           22%        2d5       4%          2
 Static Discharge         Conj/Air       22%        3-4/arc   4%          2
 Sublimation of Blood     Necr           11%        N/A       4%          2
 Wereblood                Tmut           11%        N/A       4%          2
 Iskenderun's Mystic Bla  Conj/Tloc      25%        2d7       4%          4
 Vhi's Electric Charge    Tloc/Air       50%        N/A       4%          4
 Dispersal                Tloc           19%        N/A       9%          6
 Frozen Ramparts          Ice            22%        1d4       10%         3
 Hailstorm                Conj/Ice       11%        3d5       10%         3
 Ignite Poison            Fire/Tmut/Pois 11%        N/A       10%         3
 Mephitic Cloud           Conj/Pois/Air  11%        N/A       10%         3
 Stone Arrow              Conj/Erth      22%        3d8       10%         3
 Swiftness                Air            11%        N/A       10%         3
 Anguish                  Hex/Necr       10%        N/A       10%         4
 Fulminant Prism          Conj/Hex       10%        3d8       10%         4
 Leda's Liquefaction      Hex/Erth       10%        N/A       10%         4
 Yara's Violent Unravell  Hex/Tmut       10%        3d6       26%         5
 Airstrike                Air            5%         2d(1-17)  32%         4
 Brom's Barrelling Bould  Conj/Erth      11%        2d3       32%         4
 Flame Wave               Conj/Fire      11%        2d6       32%         4
 Olgreb's Toxic Radiance  Pois           11%        N/A       32%         4
 Petrify                  Tmut/Erth      11%        N/A       32%         4
 Sticky Flame             Conj/Fire      11%        2d3       32%         4
 Alistair's Intoxication  Tmut/Pois      7%         N/A       63%         5
 Arcjolt                  Conj/Air       5%         1d15      63%         5
 Borgnjor's Vile Clutch   Necr/Erth      5%         N/A       63%         5
 Fireball                 Conj/Fire      5%         3d5       63%         5
 Freezing Cloud           Conj/Ice/Air   5%         6-21      63%         5
 Irradiate                Conj/Tmut      5%         3d13      63%         5
 Iskenderun's Battlesphe  Conj           11%        2d7       63%         5
 Lee's Rapid Deconstruct  Erth           5%         3d6*      63%         5
 Enfeeble                 Hex            14%        N/A       90%         7
 Disjunction              Tloc           19%        N/A       96%         8
 Bombard                  Conj/Erth      5%         9d2       99%         6
 Conjure Ball Lightning   Conj/Air       5%         3x3d6     99%         6
 Eringya's Noxious Bog    Tmut/Pois      5%         4d6       99%         6
 Plasma Beam              Fire/Air       5%         2x1d16    99%         6
 Orb of Destruction       Conj           5%         9d5       100%        7
 Ozocubu's Refrigeration  Ice            5%         4d8       100%        7
 Ignition                 Fire           5%         3d4       100%        8
 Maxwell's Capacitive Co  Air            5%         ∞         100%        8
 Chain Lightning          Conj/Air       5%         3d7       100%        9
 Fire Storm               Conj/Fire      5%         8d2       100%        9
 Polar Vortex             Ice            5%         N/A       100%        9
 Shatter                  Erth           5%         3d8*      100%        9
 Tukima's Dance           Hex            Unusable   N/A       N/A         3
 Summon Guardian Golem    Hex/Summ       Unusable   N/A       N/A         3
 Summon Small Mammal      Summ           Unusable   N/A       N/A         1
 Call Canine Familiar     Summ           Unusable   N/A       N/A         3
 Summon Forest            Summ/Tloc      Unusable   N/A       N/A         5
 Animate Dead             Necr           Unusable   N/A       N/A         4
 Summon Lightning Spire   Summ/Air       Unusable   N/A       N/A         4
 Death Channel            Necr           Unusable   N/A       N/A         6
 Simulacrum               Ice/Necr       Unusable   N/A       N/A         6
 Spellforged Servitor     Conj/Summ      Unusable   N/A       N/A         7
 Summon Hydra             Summ           Unusable   N/A       N/A         7

Dungeon Overview and Level Annotations

Branches:
Dungeon (15/15)            Temple (1/1) D:7            Lair (5/5) D:10
  Swamp (4/4) Lair:3        Snake (4/4) Lair:2        Slime (0/5) Lair:5
    Orc (2/2) D:12            Elf (3/3) Orc:2        Vaults (4/5) D:13
  Crypt (0/3) Vaults:2     Depths (4/4) D:15            Zot (5/5) Depths:4
  IceCv (visited)          WizLab (visited)         Gauntlet (visited)

Altars:
Ashenzari
Cheibriados
Dithmenos
Elyvilon
Fedhas
Gozag
Hepliaklqana
Kikubaaqudgha
Makhleb
Nemelex Xobeh
Okawaru
Qazlal
Ru
Sif Muna
Trog
Uskayaw
Vehumet
Wu Jian
Xom
Yredelemnul
Zin
The Shining One
Jiyva

Shops:
D:5 *   D:7 [   D:8 *   D:10 *   D:12 *=   Orc:1 (   Orc:2 ==([*   Elf:1 [
Elf:2 **   Snake:3 (!*(   Vaults:4 [

Portals:
Hell: Depths:1 Depths:2 Depths:3 Depths:4
Abyss: Depths:1 Depths:3 Depths:4
Pandemonium: Depths:2 Depths:4
Ziggurat: Depths:2

Annotations:
D:2 sigmund, ogre, robin, +4 dagger
D:9 exclusion: obsidian statue
D:10 exclusion: downstairs
D:13 exclusion: ice statue
Lair:1 3 exclusions
Lair:4 exclusion: downstairs
Lair:5 2 runed translucent doors
Swamp:1 exclusion: downstairs
Swamp:2 exclusion: oklob plant
Snake:2 exclusion: 2 downstairs
Snake:3 2 transporters
Elf:1 1 runed translucent door, 1 exclusion, hackum's ghost, journeyman TrFi
Elf:2 5 runed translucent doors
Depths:4 6 runed translucent doors
Zot:1 exclusion: downstairs
Zot:2 Parghit


Innate Abilities, Weirdness & Mutations

You are very small and have problems with some larger weapons.
You are too small for most types of armour.
You have supernaturally acute eyesight. (SInv)
You cover ground extremely quickly. (Speed+++)


Message History

You climb upwards.
There is a stone staircase leading down here.
A soul eater comes into view.
A soul eater is nearby!
You shoot a bolt.
The bolt hits the soul eater but does no damage.
You shoot a bolt.
The bolt hits the soul eater but does no damage.
You shoot a bolt. The bolt hits the soul eater!!!
The bolt burns the soul eater!
The soul eater is almost dead.
You shoot a bolt. The bolt hits the soul eater!!
The bolt burns the soul eater.
You kill the soul eater!
Okawaru accepts your kill.
An Orb Guardian comes into view.
You shoot a bolt.
The bolt completely misses the Orb Guardian.
Mule's kick sends you backwards.
The Orb Guardian moves out of view.
You shoot a bolt. The bolt hits the Orb Guardian!!
The bolt burns the Orb Guardian.
The Orb Guardian is heavily wounded.
Mule's kick sends you backwards.
You shoot a bolt.
The bolt closely misses the Orb Guardian.
You shoot a bolt.
The bolt barely misses the Orb Guardian.
Mule's kick sends you backwards.
You shoot a bolt. The bolt hits the Orb Guardian!!
The bolt burns the Orb Guardian!
The Orb Guardian is almost dead.
You shoot a bolt. The bolt hits the Orb Guardian!
The bolt burns the Orb Guardian.
You kill the Orb Guardian!
Okawaru accepts your kill. Mule's kick sends you backwards.
No target in view!
There is a staircase leading out of the dungeon here.
Unknown command.
Unknown command.
You have escaped!

### ##@#
##..#
####...##
##.......#
##........##
#..........#
##.........#
###
##........##
..######
##........#


There were no monsters in sight!

Vanquished Creatures
  Tiamat (Zot:2)
  3 dread liches (Zot:5)
  3 orbs of fire
  3 ancient liches (Zot:5)
  A juggernaut (Depths:3)
  A Head Instructor (WizLab)
  Bai Suzhen (Depths:1)
  2 Killer Klowns (Zot:5)
  Vashnia (Snake:3)
  Saint Roka (Vaults:1)
  Xtahua (Depths:3)
  A caustic shrike (Depths:3)
  8 golden dragons
  Nikola (Snake:3)
  the Enchantress (Depths:3)
  Norris (Vaults:1)
  A profane servitor (Abyss:3)
  6 bone dragons
  Zenata (Elf:1)
  An Ice Fiend (Zot:5)
  Jorgrun (D:14)
  6 liches
  19 Orb Guardians
  11 tentacled monstrosities
  A walking crystal tome (Depths:3)
  The ghost of zero the Executioner, an adept MiBe of Trog (Swamp:4)
  A walking frostbound tome (Abyss:4)
  Mlioglotl (Snake:3)
  2 deep elf blademasters (Elf:3)
  2 deep elf master archers (Elf:3)
  2 quicksilver dragons
  2 Executioners
  2 tentacled starspawn
  A sphinx (Vaults:4)
  7 death cobs
  6 tengu reavers
  An ancient champion (Depths:3)
  Aizul (Snake:3)
  5 thorn hunters
  Kirke (Swamp:2)
  Roxanne (Swamp:4)
  6 shadow dragons
  7 draconian monks
  5 fire giants
  Donald (Orc:2)
  A rockslime (Zot:5)
  9 storm dragons
  5 draconian knights
  10 nagarajas
  10 vault wardens
  5 frost giants
  7 deep elf sorcerers
  6 draconian scorchers
  2 draconian stormcallers
  7 deep elf elementalists
  A cacodemon (Zot:1)
  6 draconian shifters
  2 orc warlords
  2 formless jellyfish
  6 spriggan defenders (Depths:3)
  18 ironbound preservers
  5 draconian annihilators
  9 ironbound thunderhulks
  11 very ugly things
  3 war gargoyles
  A demonspawn black sun (D:3)
  5 eleionomae
  8 stone giants
  A starflower (Abyss:2)
  3 deep elf demonologists
  2 vampire knights
  6 black draconians
  14 yellow draconians
  A minotaur (Gauntlet)
  12 dire elephants
  3 lorocyprocas
  2 bunyips
  3 spark wasps (Depths:1)
  13 purple draconians
  10 red draconians
  14 deep elf annihilators
  17 white draconians
  An eidolon (Abyss:2)
  13 green draconians
  6 deep elf death magi (Elf:3)
  2 blizzard demons (Abyss:4)
  3 ettins
  A green death (Abyss:4)
  Josephine (D:12)
  5 fire dragons
  3 shambling mangroves
  A merfolk impaler (Abyss:4)
  4 entropy weavers
  16 yaktaur captains
  9 deep elf high priests
  A merfolk javelineer (Depths:2)
  Fannar (D:12)
  11 great orbs of eyes
  A rakshasa (Abyss:3)
  3 ogre magi
  3 salamander tyrants
  3 peacekeepers
  Erolcha (D:12)
  6 ice dragons
  A hell beast (Depths:3)
  21 hydras
  4 caustic shrike simulacra (IceCv)
  4 ghost crabs
  6 ironbound frosthearts
  4 spriggan air magi
  7 vault guards
  17 anacondas
  16 alligators
  12 dancing weapons
  9 naga warriors
  3 catoblepae
  10 centaur warriors
  5 two-headed ogres
  8 deep troll shamans
  8 boulder beetles
  8 deep troll earth magi
  11 naga sharpshooters
  7 death yaks
  3 orc high priests (Orc:2)
  3 occultists
  3 tengu warriors
  Urug (D:11)
  A vampire mage (WizLab)
  7 spriggan berserkers
  4 thrashing horrors (Abyss:4)
  5 shock serpents
  8 deep elf knights
  2 hell knights
  2 wretched stars (Abyss:3)
  Amaemon (Lair:3)
  4 skysharks
  9 iron trolls
  A sixfirhy (Abyss:4)
  A soul eater (D:1)
  4 glowing orange brains
  37 deep trolls
  4 goliath frogs
  5 salamander mystics
  A death drake (Swamp:4)
  A sea snake (shapeshifter) (Depths:4)
  3 spriggan druids
  A shadow demon (D:9)
  19 ironbound convokers
  11 arcanists
  11 deep elf archers
  6 naga ritualists
  10 swamp dragons
  2 flayed ghosts
  23 lindwurms
  2 orange crystal statues (IceCv)
  3 phantasmal warriors
  5 bog bodies
  4 necromancers
  A golden dragon skeleton (Depths:1)
  4 orc knights
  24 deep elf zephyrmancers
  2 will-o-the-wisps
  13 mana vipers
  22 deep elf pyromancers
  8 harpies
  18 moths of wrath
  3 manticores
  A frost giant zombie (Depths:1)
  A shadow dragon skeleton (Depths:1)
  2 orc sorcerers (Orc:2)
  40 ugly things
  A worldbinder (Abyss:3)
  14 salamanders
  5 cyclopes
  7 elephants
  38 black mambas
  12 naga magi
  A human skeleton (Vaults:4)
  A stone giant skeleton (Depths:1)
  2 guardian serpents (Snake:4)
  12 vault sentinels
  3 smoke demons
  4 gargoyles
  7 large abominations
  7 molten gargoyles
  An apocalypse crab (Abyss:3)
  3 orange demons
  19 cane toads
  2 torpor snails
  5 unseen horrors
  2 kobold demonologists (D:13)
  15 komodo dragons
  6 rime drakes
  2 efreet (D:14)
  An ancient zyme (Abyss:4)
  An anaconda simulacrum (IceCv)
  2 freezing wraiths (IceCv)
  28 yaktaurs
  6 tengu conjurers
  A queen bee (Lair:2)
  3 meliai (D:15)
  6 polar bears
  23 hornets
  3 bloated husks
  5 trolls
  10 tyrant leeches
  A tarantella (Vaults:3)
  8 raiju (Abyss:4)
  8 blink frogs
  7 dream sheep
  A fire giant simulacrum (Depths:1)
  2 shadows
  2 flying skulls (Gauntlet)
  Sigmund (D:2)
  A dream sheep (shapeshifter) (Depths:4)
  54 slime creatures
  5 air elementals
  A culicivora (Vaults:3)
  18 spriggans
  A ynoxinul (D:15)
  A dire elephant simulacrum (IceCv)
  A spriggan (shapeshifter) (Abyss:4)
  An elf zombie (Vaults:4)
  A hog (Swamp:2)
  71 yaks
  A vampire (D:11)
  16 water elementals
  7 wyverns
  13 basilisks
  6 wraiths
  2 humans (Swamp:2)
  A yak (shapeshifter) (Elf:2)
  A fire elemental (Elf:1)
  6 redbacks
  11 vampire mosquitoes
  5 chaos spawn
  A neqoxec (Abyss:3)
  2 steam dragons
  20 nagas
  2 harpy simulacra (IceCv)
  6 wargs
  2 acid dragons
  A glowing shapeshifter zombie (Vaults:4)
  3 hydra simulacra (IceCv)
  9 swamp worms
  4 hell hounds (Lair:5)
  19 water moccasins
  2 black bears
  6 swamp drakes (Swamp:4)
  An ice beast (D:7)
  A sky beast (D:7)
  5 small abominations
  35 orc warriors
  A human zombie (Vaults:4)
  7 ogres
  A boggart (Vaults:3)
  2 ettin simulacra (IceCv)
  2 phantoms
  5 starcursed masses (Abyss:3)
  23 centaurs
  18 wolves
  6 kobold brigands
  5 bullfrogs
  2 scorpions (D:5)
  4 gnoll sergeants
  3 wights (D:6)
  2 earth elementals
  An oklob sapling (Swamp:2)
  30 killer bees
  5 lindwurm simulacra (IceCv)
  8 howler monkeys
  5 lava snakes (Lair:5)
  10 orc priests
  3 hounds
  3 jellies
  Terence (D:3)
  Jessica (D:3)
  3 sleepcaps
  2 gnoll boudas (D:6)
  12 hell rats
  8 iguanas
  Ijyb (D:4)
  14 orc wizards
  Robin (D:2)
  21 gnolls
  8 adders
  2 shadow imps
  2 ufetubi (Abyss:3)
  A worm (D:2)
  4 dart slugs
  57 orcs
  4 ball pythons
  4 endoplasms
  3 giant cockroaches
  12 goblins
  8 hobgoblins
  3 jackals (D:2)
  5 quokkas
  3 bats
  A frilled lizard (D:2)
  16 kobolds
  5 rats
  A lurking horror (Abyss:3)
  A starspawn tentacle (Abyss:3)
1955 creatures vanquished.

Vanquished Creatures (others)
  A ghost moth (Zot:5)
  An alligator (Swamp:2)
  A deep elf zephyrmancer (Elf:1)
  A hornet (Swamp:2)
  A spriggan (Swamp:2)
  A naga (Snake:4)
  4 foxfires (Swamp:3)
  3 starspawn tentacles
13 creatures vanquished.

Grand Total: 1968 creatures vanquished

Notes
Turn   | Place    | Note
-------+----------+-------------------------------------------
     0 | D:1      | Sergey the Spriggan Monk began the quest for the Orb.
     0 | D:1      | Reached XP level 1. HP: 11/11 MP: 2/2
   273 | D:1      | Reached skill level 1 in Stealth
  1221 | D:1      | Reached XP level 2. HP: 16/16 MP: 3/3
  2724 | D:2      | Noticed an ogre
  2917 | D:2      | Noticed Sigmund
  2983 | D:3      | Reached skill level 1 in Spellcasting
  3057 | D:3      | Noticed Jessica
  4270 | D:3      | Learned a level 2 spell: Blink
  4432 | D:3      | Noticed Terence
  4482 | D:3      | Reached XP level 3. HP: 19/19 MP: 5/5
  5828 | D:2      | Reached skill level 5 in Stealth
  6307 | D:4      | Noticed Ijyb
  6355 | D:4      | Noticed a black bear
  6416 | D:4      | Reached XP level 4. HP: 23/23 MP: 8/8
  6928 | D:4      | Noticed a phantom
  7292 | D:4      | Killed a phantom
  7293 | D:4      | Reached XP level 5. HP: 27/27 MP: 8/10
  7362 | D:4      | Reached skill level 5 in Dodging
  7400 | D:4      | Reached XP level 6. HP: 32/32 MP: 11/11
  7673 | D:4      | Killed Ijyb
  7820 | D:4      | Reached skill level 1 in Evocations
  7932 | D:5      | Entered Level 5 of the Dungeon
  7937 | D:5      | Found Ea-nāṣir's Fine Metal Goods.
  8128 | D:5      | Bought a glowing hand cannon for 156 gold pieces
  8314 | D:5      | Reached skill level 1 in Ranged Weapons
  8457 | D:5      | Reached XP level 7. HP: 36/36 MP: 14/14
  8720 | D:5      | Reached skill level 5 in Ranged Weapons
  9080 | D:3      | Killed Terence
  9340 | D:6      | Reached XP level 8. HP: 40/40 MP: 15/15
  9710 | D:6      | Reached skill level 5 in Spellcasting
 10415 | D:2      | Killed Sigmund
 10590 | D:2      | Noticed Robin
 10643 | D:2      | Killed Robin
 11067 | D:3      | Killed Jessica
 12382 | D:7      | Found Ufrajuikk's Antique Armour Boutique.
 12589 | D:7      | Reached XP level 9. HP: 44/44 MP: 19/19
 12657 | D:7      | Found a staircase to the Ecumenical Temple.
 12662 | D:7      | Identified the ring of Equivalence {Wiz Drain rC+ Str+6}
 12671 | Temple   | Entered the Ecumenical Temple
 12697 | Temple   | Became a worshipper of Warmaster Okawaru
 12697 | Temple   | Reached * piety under Okawaru
 12697 | Temple   | Reached ** piety under Okawaru
 13235 | D:8      | Found a blossoming altar of Fedhas.
 13240 | D:8      | Reached skill level 10 in Ranged Weapons
 14218 | D:8      | Found Zebosuiru's Assorted Antiques.
 14226 | D:8      | Bought a scroll labelled JELIEL PAGG for 31 gold pieces
 14226 | D:8      | Bought a scroll labelled JELIEL PAGG for 31 gold pieces
 14226 | D:8      | Bought a scroll of identify for 62 gold pieces
 14933 | D:9      | Reached *** piety under Okawaru
 14934 | D:9      | Reached skill level 10 in Dodging
 14937 | D:9      | Reached XP level 10. HP: 49/49 MP: 20/20
 15249 | D:9      | Reached **** piety under Okawaru
 15570 | D:9      | Noticed an obsidian statue
 15716 | D:10     | Entered Level 10 of the Dungeon
 15795 | D:10     | Noticed a two-headed ogre
 15823 | D:10     | Killed a two-headed ogre
 15868 | D:10     | Found an ancient bone altar of Kikubaaqudgha.
 16027 | D:10     | Found Hiofiul's Assorted Antiques.
 16330 | D:10     | Found a broken altar of Ashenzari.
 16330 | D:10     | Found a glowing silver altar of Zin.
 16332 | D:10     | Found a glowing golden altar of the Shining One.
 16335 | D:10     | Found a shimmering blue altar of Sif Muna.
 16436 | D:10     | Bought a potion of heal wounds for 105 gold pieces
 16436 | D:10     | Bought a fluorescent wand for 84 gold pieces
 16436 | D:10     | Bought a scroll of teleportation for 63 gold pieces
 16523 | D:10     | Reached ***** piety under Okawaru
 16537 | D:10     | Found a staircase to the Lair.
 16634 | D:11     | Noticed a boulder beetle
 16715 | D:11     | Noticed a molten gargoyle
 16758 | D:11     | Reached XP level 11. HP: 51/54 MP: 18/21
 16767 | D:11     | Reached skill level 5 in Fighting
 16876 | D:11     | Received a gift from Okawaru
 17202 | D:11     | Killed a boulder beetle
 17342 | D:11     | Noticed a red ugly thing
 17360 | D:11     | Killed a red ugly thing
 17360 | D:11     | Received a gift from Okawaru
 17364 | D:11     | Noticed a two-headed ogre
 17373 | D:11     | Killed a two-headed ogre
 17910 | D:11     | Noticed Urug
 17936 | D:11     | Killed Urug
 18100 | Gauntlet | Identified the "Vugudixo"
 18100 | Gauntlet | Identified the "Zoyboh"
 18100 | Lair:1   | Entered Level 1 of the Lair of Beasts
 18129 | Lair:1   | Reached skill level 1 in Invocations
 18160 | Lair:1   | Noticed a catoblepas
 18172 | Lair:1   | Received a gift from Okawaru
 18311 | Lair:1   | Found a gate leading to a gauntlet.
 18320 | Gauntlet | Entered a Gauntlet
 18320 | Gauntlet | Found a transporter.
 18328 | Gauntlet | Found a transporter.
 18330 | Gauntlet | Found a transporter.
 18339 | Gauntlet | Found a transporter.
 18353 | Gauntlet | Found a transporter.
 18358 | Gauntlet | Found a transporter.
 18363 | Gauntlet | Noticed a hell beast
 18373 | Gauntlet | Found a transporter.
 18392 | Gauntlet | Found a transporter.
 18404 | Gauntlet | Found a transporter.
 18404 | Gauntlet | Noticed a death yak
 18404 | Gauntlet | Noticed a death yak
 18404 | Gauntlet | Noticed a death yak
 18412 | Gauntlet | Noticed a wretched star
 18416 | Gauntlet | Found a transporter.
 18428 | Gauntlet | Found a transporter.
 18429 | Gauntlet | Noticed a glowing orange brain
 18429 | Gauntlet | Noticed a red ugly thing
 18431 | Gauntlet | Noticed a brown ugly thing
 18436 | Gauntlet | Noticed a fire crab
 18443 | Gauntlet | Found a transporter.
 18457 | Gauntlet | Found a transporter.
 18475 | Gauntlet | Found a transporter.
 18477 | Gauntlet | Found a transporter.
 18504 | Gauntlet | Found a transporter.
 18582 | Gauntlet | Found a transporter.
 18624 | Gauntlet | Found a transporter.
 19186 | Gauntlet | Identified the +1 cloak of the Midnight Sun {rElec rC+
                  | Slay+2}
 19194 | Gauntlet | Identified the +3 leather armour "Itutoixt" {Rampage Drain
                  | rPois rF+ SInv}
 19194 | Gauntlet | Noticed a minotaur
 19209 | Gauntlet | Killed a minotaur
 19210 | Gauntlet | Reached XP level 12. HP: 62/62 MP: 17/22
 19331 | Lair:1   | Killed a catoblepas
 19625 | Lair:1   | Reached skill level 15 in Ranged Weapons
 19995 | Lair:2   | Received a gift from Okawaru
 20089 | Lair:2   | Found a radiant altar of Vehumet.
 20226 | Lair:2   | Reached skill level 5 in Invocations
 20626 | Lair:2   | You fall into a shaft and drop 2 floors!
 20626 | Lair:4   | Noticed a death yak
 20626 | Lair:4   | Noticed a death yak
 20626 | Lair:4   | Noticed a death yak
 20626 | Lair:4   | Noticed a death yak
 20883 | Lair:3   | Noticed Amaemon
 21051 | Lair:2   | Found a staircase to the Snake Pit.
 21545 | Lair:2   | Received a gift from Okawaru
 22048 | Lair:3   | Killed Amaemon
 22049 | Lair:3   | Reached skill level 1 in Armour
 22049 | Lair:3   | Reached XP level 13. HP: 68/68 MP: 23/23
 22380 | Lair:3   | Found a staircase to the Swamp.
 22656 | Lair:3   | Received a gift from Okawaru
 23487 | Lair:4   | Reached ****** piety under Okawaru
 23490 | Lair:4   | Received a gift from Okawaru
 23618 | Lair:3   | Reached skill level 15 in Dodging
 23728 | Lair:4   | Acquired the +6 arbalest "Igrielif" {heavy, Drain rF+ rN++
                  | Dex+3}
 23728 | Lair:4   | Received a gift from Okawaru
 23730 | Lair:4   | Acquired the +3 warlock's mirror {omnireflect}
 23730 | Lair:4   | Received a gift from Okawaru
 23730 | Lair:4   | Found the +3 warlock's mirror {omnireflect}
 24142 | Lair:5   | Entered Level 5 of the Lair of Beasts
 24297 | Lair:5   | Found a viscous altar of Jiyva.
 24298 | Lair:5   | Found a staircase to the Slime Pits.
 24341 | Lair:5   | Received a gift from Okawaru
 24707 | Lair:5   | Reached XP level 14. HP: 73/73 MP: 24/24
 25138 | Lair:5   | Received a gift from Okawaru
 25420 | Lair:5   | Reached skill level 5 in Evocations
 25569 | Lair:5   | Received a gift from Okawaru
 25873 | Lair:5   | Found a large runed translucent door.
 25874 | Lair:5   | Found a large runed translucent door.
 26319 | D:12     | Found Veti's Jewellery Shoppe.
 26327 | D:12     | Found Rahivo Yqif's Neck Hole.
 26368 | D:12     | Noticed Erolcha
 26636 | D:12     | Found a staircase to the Orcish Mines.
 26760 | D:12     | Noticed Fannar
 26770 | D:12     | Killed Fannar
 26770 | D:12     | Received a gift from Okawaru
 26887 | D:12     | Noticed Josephine
 26902 | D:12     | Killed Josephine
 27203 | Orc:1    | Entered Level 1 of the Orcish Mines
 27417 | Orc:1    | Found Wokhux's Weapon Emporium.
 27636 | Orc:2    | Entered Level 2 of the Orcish Mines
 27832 | Orc:2    | Noticed Donald
 27884 | Orc:2    | Killed Donald
 27885 | Orc:2    | Reached XP level 15. HP: 55/75 MP: 18/28
 27986 | Orc:2    | Found Geutej's General Store.
 27994 | Orc:2    | Bought a potion of haste for 110 gold pieces
 28067 | Orc:2    | Reached skill level 10 in Fighting
 28225 | Orc:2    | Received a gift from Okawaru
 28319 | Orc:2    | Found Hyrphotai's Antique Weapon Shop.
 28348 | Orc:2    | Found Akom's Jewellery Shoppe.
 28362 | Orc:2    | Found Povorchesh's Jewellery Boutique.
 28374 | Orc:2    | Bought the ring of Suspicion {rC+ Will++ Dex-3} for 674
                  | gold pieces
 28409 | Orc:2    | Found a staircase to the Elven Halls.
 28415 | Orc:2    | Found Joametux's Antique Armour Emporium.
 29180 | D:13     | Found a gate to the Vaults.
 29733 | D:14     | Found an opulent altar of Gozag.
 29825 | D:14     | Noticed Jorgrun
 29876 | D:14     | Received a gift from Okawaru
 29884 | D:14     | Killed Jorgrun
 30671 | D:15     | Entered Level 15 of the Dungeon
 30697 | D:15     | Identified a scroll of acquirement
 30698 | D:15     | Acquired the +0 hat of the Fife {rC+ Str+4}
 30818 | D:15     | Acquired 1257 gold pieces
 30836 | D:15     | Found a staircase to the Depths.
 30836 | D:15     | Noticed a fire giant
 30961 | D:12     | Bought the ring of Divine Intervention {rF+ Int+4} for 484
                  | gold pieces
 31066 | Orc:2    | Bought the ring "Fikhlusk" {*Slow rPois rN+ rCorr Stlth+}
                  | for 612 gold pieces
 31730 | D:15     | Killed a fire giant
 32009 | D:15     | Found a shimmering blue altar of Sif Muna.
 32520 | Snake:1  | Entered Level 1 of the Snake Pit
 32654 | Snake:1  | Received a gift from Okawaru
 33079 | Snake:2  | Reached skill level 5 in Armour
 33084 | Snake:2  | Reached XP level 16. HP: 86/86 MP: 29/29
 33309 | Snake:2  | Received a gift from Okawaru
 33692 | Snake:2  | You fall into a shaft and drop 1 floor!
 33692 | Snake:3  | Identified the "Pygguf"
 33694 | Snake:3  | Noticed Nikola
 33696 | Snake:3  | Found a transporter.
 33704 | Snake:3  | Found Ikim's Assorted Antiques.
 33706 | Snake:3  | Noticed Mlioglotl
 34422 | Snake:3  | Identified the serpent talisman of Gestures {rElec rN++
                  | Int-2}
 34422 | Snake:3  | Noticed Aizul
 34430 | Snake:3  | Killed Aizul
 34562 | Snake:3  | Reached skill level 10 in Invocations
 34579 | Snake:3  | Reached skill level 10 in Evocations
 34716 | Snake:3  | Found Baqe's Weapon Boutique.
 34780 | Snake:3  | Found Elearim's Distillery.
 34856 | Snake:3  | Killed Nikola
 34887 | Snake:3  | Killed Mlioglotl
 34920 | Snake:3  | Bought a potion of cancellation for 168 gold pieces
 34920 | Snake:3  | Bought a potion of cancellation for 168 gold pieces
 34920 | Snake:3  | Bought a potion of enlightenment for 105 gold pieces
 34920 | Snake:3  | Bought a potion of resistance for 210 gold pieces
 34920 | Snake:3  | Bought a potion of haste for 210 gold pieces
 34920 | Snake:3  | Bought a potion of enlightenment for 105 gold pieces
 34932 | Snake:3  | Bought a potion of curing for 84 gold pieces
 34932 | Snake:3  | Bought a potion of might for 112 gold pieces
 34974 | Snake:3  | Found a transporter.
 34974 | Snake:3  | Found Asosouq's Antique Weapon Shoppe.
 35076 | Snake:3  | Noticed Vashnia
 35100 | Snake:3  | Received a gift from Okawaru
 35116 | Snake:3  | Killed Vashnia
 35171 | Snake:3  | Found a transporter.
 35172 | Snake:3  | Found a radiant altar of Vehumet.
 35229 | Snake:3  | Found a transporter.
 35306 | Snake:4  | Entered Level 4 of the Snake Pit
 35491 | Snake:4  | Found a frozen archway.
 35502 | IceCv    | Entered an ice cave
 35521 | IceCv    | Received a gift from Okawaru
 35608 | IceCv    | Identified the +1 sling "Itor" {speed, Contam Int+5}
 35630 | IceCv    | Reached XP level 17. HP: 93/93 MP: 24/30
 36562 | Snake:4  | Received a gift from Okawaru
 36687 | Snake:4  | Reached skill level 1 in Translocations
 37045 | Snake:4  | Reached skill level 5 in Translocations
 37053 | Snake:4  | Learned a level 1 spell: Apportation
 37058 | Snake:4  | Learned a level 4 spell: Dimensional Bullseye
 37176 | Snake:4  | Received a gift from Okawaru
 38049 | Snake:4  | Got a serpentine rune of Zot
 38204 | Swamp:1  | Entered Level 1 of the Swamp
 38283 | Swamp:1  | Reached skill level 1 in Shields
 38616 | Swamp:1  | Received a gift from Okawaru
 38679 | Swamp:1  | Identified the +0 plate armour "Viygep" {rN+}
 38683 | Swamp:1  | Acquired the ring of the Bruised Ziggurats {rElec rPois rC-
                  | MP+9 Dex+6}
 39646 | Swamp:2  | Noticed Kirke
 39654 | Swamp:2  | Killed Kirke
 39884 | Swamp:3  | Reached XP level 18. HP: 95/98 MP: 31/31
 39894 | Swamp:3  | Reached skill level 5 in Shields
 40063 | Swamp:3  | Received a gift from Okawaru
 40496 | Swamp:4  | Entered Level 4 of the Swamp
 40750 | Swamp:4  | Got a decaying rune of Zot
 40899 | Swamp:4  | Noticed a tentacled monstrosity
 40922 | Swamp:4  | Found a runed translucent gate.
 40922 | Swamp:4  | Found a runed translucent gate.
 40926 | Swamp:4  | Noticed zero's ghost (adept MiBe)
 40950 | Swamp:4  | Found a runed translucent gate.
 40994 | Swamp:4  | Noticed Roxanne
 41009 | Swamp:4  | Killed Roxanne
 41598 | Swamp:4  | Killed a tentacled monstrosity
 41638 | Swamp:4  | Killed zero's ghost
 41978 | Crypt:2  | Identified the "Kookled"
 41978 | Crypt:3  | Identified the "Felom"
 41978 | Crypt:3  | Identified the of Rer Meo
 41978 | Elf:1    | Identified the "Namassil"
 41978 | Elf:1    | Entered Level 1 of the Elven Halls
 42173 | Elf:1    | Noticed Zenata
 42606 | Elf:1    | Killed Zenata
 42752 | Elf:1    | Found a runed translucent door.
 42752 | Elf:1    | Noticed hackum's ghost (journeyman TrFi)
 42831 | Elf:1    | Found Wucasiergh's Antique Armour Shoppe.
 42835 | Elf:1    | Acquired 690 gold pieces
 43136 | Elf:2    | Found Xekufil's Overcharged Wands.
 43142 | Elf:2    | Reached XP level 19. HP: 94/102 MP: 33/33
 43237 | Elf:2    | Found an ancient bone altar of Kikubaaqudgha.
 43284 | Elf:2    | Reached skill level 1 in Hexes
 43465 | Elf:2    | Received a gift from Okawaru
 43495 | Elf:2    | Found a huge runed translucent gate.
 43495 | Elf:2    | Found a huge runed translucent gate.
 43495 | Elf:2    | Found a huge runed translucent gate.
 43535 | Elf:2    | Found Tusurph's General Store.
 43670 | Elf:2    | Found a huge runed translucent gate.
 43670 | Elf:2    | Found a huge runed translucent gate.
 43695 | Elf:3    | Identified the "Vovieptebro"
 43695 | Elf:3    | Entered Level 3 of the Elven Halls
 43921 | Elf:3    | Found an ancient bone altar of Kikubaaqudgha.
 44036 | Elf:3    | Reached skill level 10 in Spellcasting
 44678 | Elf:3    | Reached skill level 5 in Hexes
 45102 | Elf:3    | Found an ancient bone altar of Kikubaaqudgha.
 46005 | Elf:3    | Found an ancient bone altar of Kikubaaqudgha.
 46606 | Elf:3    | Identified the +11 battleaxe of the Hugging Seer {heavy,
                  | Int+2 Dex+2}
 46843 | Elf:3    | Found the +15 Maxwell's patent armour {-Cast -Tele rElec
                  | Will+ rCorr}
 46871 | Elf:3    | Identified the +6 glaive of Hurling Extinguishment {heavy,
                  | rCorr Int-5 Dex+7}
 46926 | Elf:3    | Identified the +2 hat "Nonit" {rElec}
 47224 | Vaults:1 | Entered Level 1 of the Vaults
 47509 | Vaults:1 | Received a gift from Okawaru
 47517 | Vaults:1 | Noticed Norris
 47828 | Vaults:1 | Identified the +6 quick blade of Othyhel {heavy, *Noise
                  | Str+3 Int+3}
 48170 | Vaults:1 | Reached XP level 20. HP: 111/111 MP: 36/36
 48328 | Vaults:1 | Reached skill level 5 in Short Blades
 48780 | Vaults:1 | Noticed Saint Roka
 48872 | Vaults:1 | Killed Saint Roka
 49329 | Vaults:1 | Killed Norris
 50388 | Vaults:2 | You fall into a shaft and drop 1 floor!
 50538 | Vaults:3 | Received a gift from Okawaru
 50822 | Vaults:2 | Reached skill level 10 in Shields
 51063 | Vaults:2 | Found a staircase to the Crypt.
 51063 | Vaults:2 | Found a basalt altar of Yredelemnul.
 51063 | Vaults:2 | Found an ancient bone altar of Kikubaaqudgha.
 51100 | Vaults:2 | Acquired a manual of Stealth
 51250 | Vaults:2 | Reached skill level 10 in Stealth
 51295 | Vaults:2 | Received a gift from Okawaru
 51481 | Vaults:2 | Reached skill level 10 in Short Blades
 51746 | Vaults:2 | Received a gift from Okawaru
 52119 | Vaults:3 | Reached XP level 21. HP: 115/115 MP: 38/38
 52429 | Vaults:3 | Received a gift from Okawaru
 52636 | Vaults:3 | Reached skill level 15 in Stealth
 52875 | Vaults:3 | Found a portal to a secret trove of treasure.
 52884 | Vaults:3 | You paid a toll of 3 potions of resistance to enter a
                  | treasure trove
 52885 | Trove    | Entered a treasure trove
 52887 | Trove    | Found a bloodstained altar of Trog.
 52905 | Trove    | Identified the +7 quick blade of the Arena {venom, rC+
                  | rCorr}
 52911 | Trove    | Found the +7 hand cannon "Mule" {flame, backblast, rF+}
 52916 | Trove    | Identified the +3 war axe of Qeawuqye {venom, rF+ Int+3
                  | Dex+5}
 52918 | Trove    | Identified the +2 falchion "Canwoki" {antimagic, *Noise rF-
                  | rCorr Str+6}
 52962 | Trove    | Identified the +3 quarterstaff of Truncation {drain, rN+
                  | Will+ Stlth+}
 53507 | Vaults:4 | Found Suetuiff's Armour Boutique.
 53594 | Vaults:4 | Found a magical portal.
 53603 | WizLab   | Entered Yara's Duelist Academy
 53695 | WizLab   | Received a gift from Okawaru
 53727 | WizLab   | Noticed Riagieru
 53741 | WizLab   | Killed Riagieru the Head Instructor
 54430 | Vaults:4 | Received a gift from Okawaru
 54962 | Depths:1 | Entered Level 1 of the Depths
 55660 | Depths:1 | Found a basalt altar of Yredelemnul.
 55700 | Depths:1 | Found a gateway to Hell.
 55945 | Depths:1 | Reached XP level 22. HP: 106/120 MP: 38/39
 56158 | Depths:1 | Received a gift from Okawaru
 56290 | Depths:1 | Found a one-way gate to the infinite horrors of the Abyss.
 56403 | Depths:1 | Noticed Bai Suzhen
 56412 | Depths:1 | Killed Bai Suzhen
 56634 | Depths:2 | Found a one-way gateway to a ziggurat.
 57117 | Depths:2 | Found a one-way gate leading to the halls of Pandemonium.
 57209 | Depths:2 | Received a gift from Okawaru
 57690 | Depths:3 | Noticed Xtahua
 57698 | Depths:3 | Killed Xtahua
 57959 | Depths:3 | Noticed a caustic shrike
 57960 | Depths:3 | Noticed a juggernaut
 57991 | Depths:3 | Killed a caustic shrike
 58022 | Depths:3 | Received a gift from Okawaru
 58035 | Depths:3 | Killed a juggernaut
 58043 | Depths:3 | Identified the ring of Free Will {rCorr SInv}
 58227 | Depths:3 | Noticed the Enchantress
 58241 | Depths:3 | Killed the Enchantress
 58595 | Depths:4 | Entered Level 4 of the Depths
 58595 | Depths:4 | Noticed a golden dragon
 58677 | Depths:4 | Found a broken altar of Ashenzari.
 58680 | Depths:4 | Received a gift from Okawaru
 58769 | Depths:4 | Reached skill level 15 in Fighting
 58957 | Depths:4 | Reached XP level 23. HP: 126/126 MP: 42/42
 59276 | D:12     | Killed Erolcha
 59577 | Depths:4 | Reached skill level 15 in Spellcasting
 59674 | Depths:4 | Received a gift from Okawaru
 59689 | Depths:4 | Found a runed translucent door.
 59877 | Depths:4 | Found a runed translucent door.
 59881 | Depths:4 | Found a runed translucent door.
 59928 | Depths:4 | Found a runed translucent door.
 59945 | Depths:4 | Found a gate to the Realm of Zot.
 60021 | Depths:4 | Found a runed translucent door.
 60028 | Depths:4 | Found a runed translucent door.
 60225 | Depths:4 | Voluntarily entered the Abyss.
 60231 | Abyss:1  | Found a corrupted altar of Lugonu.
 60265 | Abyss:2  | Found a corrupted altar of Lugonu.
 60407 | Abyss:3  | Found a corrupted altar of Lugonu.
 60665 | Abyss:3  | Found a corrupted altar of Lugonu.
 60714 | Depths:4 | Escaped the Abyss
 60781 | Depths:4 | Voluntarily entered the Abyss.
 60789 | Abyss:3  | Found a corrupted altar of Lugonu.
 60847 | Abyss:4  | Found a corrupted altar of Lugonu.
 61020 | Abyss:4  | Got an abyssal rune of Zot
 61148 | Depths:4 | Escaped the Abyss
 61211 | Zot:1    | Identified the "Diampauz"
 61211 | Zot:1    | Entered Level 1 of the Realm of Zot
 61214 | Zot:1    | Received a gift from Okawaru
 61603 | Zot:1    | Received a gift from Okawaru
 62247 | Zot:2    | Reached XP level 24. HP: 115/131 MP: 43/43
 62542 | Zot:2    | Found the +4 dragonskin cloak
 62542 | Zot:2    | Noticed Tiamat
 62707 | Zot:2    | Received a gift from Okawaru
 62998 | Zot:2    | Killed Tiamat
 63884 | Zot:2    | Noticed Parghit
 63903 | Zot:3    | Noticed an orb of fire
 63915 | Zot:2    | Killed an orb of fire
 63916 | Zot:2    | Reached skill level 10 in Translocations
 64116 | Zot:4    | Noticed an orb of fire
 64130 | Zot:4    | Killed an orb of fire
 64239 | Zot:5    | Entered Level 5 of the Realm of Zot
 64276 | Zot:5    | Noticed a Killer Klown
 64291 | Zot:5    | Killed a Killer Klown
 65040 | Zot:5    | Received a gift from Okawaru
 65100 | Zot:5    | Reached skill level 10 in Armour
 65166 | Zot:5    | Noticed a dread lich
 65176 | Zot:5    | Killed a dread lich
 65232 | Zot:5    | Noticed an orb of fire
 65244 | Zot:5    | Killed an orb of fire
 65251 | Zot:5    | Noticed a Killer Klown
 65277 | Zot:5    | a Killer Klown changed into a rockslime
 65304 | Zot:5    | Noticed an ancient lich
 65311 | Zot:5    | Killed an ancient lich
 65313 | Zot:5    | Noticed an ancient lich
 65314 | Zot:5    | Noticed a Killer Klown
 65328 | Zot:5    | Killed an ancient lich
 65331 | Zot:5    | Killed a Killer Klown
 65332 | Zot:5    | Noticed a dread lich
 65340 | Zot:5    | Killed a dread lich
 65340 | Zot:5    | Received a gift from Okawaru
 65366 | Zot:5    | Noticed an ancient lich
 65374 | Zot:5    | Noticed a dread lich
 65400 | Zot:5    | Killed an ancient lich
 65404 | Zot:5    | Killed a dread lich
 65411 | Zot:5    | Reached XP level 25. HP: 136/136 MP: 42/44
 65799 | Zot:5    | Noticed a dread lich
 65800 | Zot:5    | Noticed a Killer Klown
 65812 | Zot:5    | Got the Orb of Zot
 65981 | Depths:3 | Noticed Ydi Ryzy the pandemonium lord
 66181 | D:8      | Noticed Bireniq the pandemonium lord
 66378 | D:$      | Escaped with the Orb!

Illustrated notes

Levels and vault maps discovered:
D:1:      eino_arrival_cavern_a, layout_basic
D:2:      layout_basic, hangedman_decor_points, uniq_sigmund, uniq_robin
D:3:      layout_basic, kennysheep_generic_room_4, uniq_jessica, uniq_terence
D:4:      layout_loops_ring, minmay_misc_feat_pillars, uniq_ijyb
D:5:      minmay_evil_eye, layout_cave_pools, nicolae_ea-nasir_strikes_again,
          kennysheep_another_room
D:6:      minmay_spotlight, layout_loops_cross
D:7:      layout_rooms, minmay_temple_entry_mist, nicolae_stop_n_shop_2
D:8:      layout_loops_ring, nicolae_overflow_crystal_walls, serial_shops, shop,
          serial_park_tiny_pond
D:9:      minmay_statue_hallways, layout_irregular_city
D:10:     layout_roguey, amcnicky_altar_gilded, minitemple, david_lair_shrubbed,
          serial_shops, nicolae_shop_tiny_waterfront
D:11:     layout_layer_cave, minivault_8, uniq_urug
D:12:     layout_gridville, kennysheep_orc_monster_closet_entryway,
          serial_shops, nicolae_shop_gaudy_bauble,
          nicolae_shop_sticking_my_neck_out, uniq_josephine, uniq_erolcha,
          uniq_fannar
D:13:     layout_cave_pools, hellmonk_vaults_order_and_chaos, minivault_16
D:14:     layout_basic, chequers_serial_rivers_small_b, kennysheep_doodads,
          hex_medium, grunt_gozag_statues, uniq_jorgrun
D:15:     grunt_enter_depths_giant_problem, layout_basic, dk_noncrumbling_4,
          serial_co_window_serial, co_window_corner_a, co_window_paths_a,
          co_window_corner_a, co_window_of_opportunity_a, co_window_paths_a,
          co_window_2corner, co_window_corner_cb, co_window_broadway_b,
          co_window_corner_b, co_window_paths_e, glass_columns_a,
          serial_library_hellmonk_statue_hall
Temple:   kb_temple_of_zot
Lair:1:   layout_long_grid, gauntlet_entry_generic, lemuel_fruit_tree
Lair:2:   layout_loops_ring, guppyfry_snake_entry_island, special_room
          [special_room_bee], minivault_19, lemuel_centaur_altar,
          grunt_megastairs_1, infiniplex_staircase_pool_2
Lair:3:   layout_long_grid, swamp_mist, beast_lair_carwin_10,
          grunt_megastairs_4, serial_bayou_shore_b, infiniplex_staircase_pool,
          uniq_amaemon
Lair:4:   layout_big_grid
Lair:5:   cheibrodos_lair_end_hotspot, layout_misc_corridors, slime_entry_1,
          special_room [special_room_mythical_zoo],
          nicolae_lair_grove_arrangements, st_stairs_3,
          nicolae_lair_grazing_beasts [nicolae_sub_lair_graze_edge,
          nicolae_sub_lair_graze_edge, nicolae_sub_lair_graze_edge,
          nicolae_sub_lair_graze_edge]
Swamp:1:  layout_basic_swamp, nicolae_swamp_decorative_isthmus
Swamp:2:  nicolae_swamp_phyte_club, layout_falls_marsh,
          evilmike_swamp_ruin_house_2, swamp_pool_1_2, uniq_kirke
Swamp:3:  layout_basic_swamp, nicolae_swamp_fairy_circle
Swamp:4:  swamp_alternative, layout_basic_swamp, gammafunk_ghost_split,
          uniq_roxanne
Snake:1:  layout_rooms
Snake:2:  layout_layer_cave, serial_bayou_shore_b
Snake:3:  gammafunk_sealed_library, layout_rooms, serial_shops, shop, shop,
          nicolae_shop_drivethru, shop, grunt_megastairs_5, uniq_nikola,
          uniq_vashnia, uniq_mlioglotl, uniq_aizul
Snake:4:  grunt_snake_rune_serpentine_throne, layout_cave_town,
          portal_ice_cave_entry_ugly_swarm
Orc:1:    layout_caves, serial_shops, nicolae_shop_real_fake_doors
Orc:2:    grunt_orc_gardens, layout_diamond_mine, grunt_orc_garden,
          grunt_orc_garden, grunt_orc_garden, grunt_orc_garden, serial_shops,
          shop, uniq_donald
Elf:1:    nicolae_elf_arrival_aired_out, layout_gridlike, serial_shops,
          nicolae_shop_rolling_square, ebering_ghost_inner_flame,
          minmay_elf_sorcery, uniq_zenata
Elf:2:    elven_hall_of_blades_hangedman_alternative [mumra_blade_entry_dagger],
          layout_loops_cross, serial_shops, shop, basic_altar,
          nicolae_shop_overcharged_wands
Elf:3:    minmay_elf_hall_four_x, layout_onion_city, basic_altar
Vaults:1: v_rooms_4, vaults_room_ringed_pool, nicolae_vaults_closet_pinwheel_1,
          nicolae_vaults_big_ls, nicolae_vaults_variable_pillar_hall,
          nicolae_vaults_shrinking_rooms_1, ontoclasm_vaults_chip,
          nicolae_vaults_tetromino_Z_1, vaults_dpeg_encased_lava,
          nicolae_vaults_shipping_containers_7, nicolae_vaults_little_squares_4,
          layout_vaults_omnigrid, uniq_saint_roka, uniq_norris
Vaults:2: nicolae_vaults_meiosis, vaults_room_pools,
          vaults_mumra_minichess_inversion, dpeg_vaults_monster_box,
          vaults_standard_mumra_lines, ontoclasm_vaults_tryst,
          nicolae_vaults_library_corner, grunt_vaults_swirl,
          layout_vaults_big_room, minmay_crypt_entry_necro_gods
Vaults:3: nicolae_vaults_lightning_bolt, v_misc_31,
          nicolae_vaults_trapezoid_layered, nicolae_vaults_more_shelving_2,
          nicolae_vaults_network_star, nicolae_vaults_asterisk,
          nicolae_vaults_spaceships, nicolae_vaults_double_plus_2,
          hangedman_vaults_stagger, nicolae_vaults_sesquioval_fish,
          nicolae_vaults_apartment_1, nicolae_vaults_little_squares_1,
          layout_vaults_ring, enter_trove_3
Vaults:4: mu_enter_wizlab_6, vaults_room_door_ring, nicolae_vaults_murderbox,
          hangedman_vaults_corner, nicolae_vaults_little_ls,
          vaults_room_grunt_arrival_ludios, nicolae_vaults_variable_pillar_hall,
          nicolae_vaults_ellipses_ellipsis, nicolae_vaults_frosty_reception,
          v_misc_13, nicolae_vaults_specimen_jars,
          nicolae_vaults_stairing_the_circle, dpeg_vaults_monster_row,
          layout_vaults_omnibox, serial_shops, shop
Depths:1: layout_gridville, corexii_leaking_fountain, hell_entry,
          minmay_room_of_horrors, yredelemnul_altar_generic, uniq_bai_suzhen
Depths:2: kennysheep_scales, layout_gridlike, enter_ziggurat_b, hell_entry,
          grunt_pan_entry_zigzag, chequers_serial_rivers_micro_a, minivault_14,
          minmay_staircase_statues
Depths:3: minmay_the_grid_triangle_9x9_recursive_2
          [minmay_the_grid_triangle_9x9_prize_insulated,
          minmay_the_grid_triangle_9x9_minimal,
          minmay_the_grid_triangle_9x9_from_above,
          minmay_the_grid_triangle_9x9_cache], layout_twisted_cross,
          abyss_entry, grunt_mini_vestibule, uniq_xtahua, uniq_enchantress
Depths:4: evilmike_zot_entry_castle, layout_cave_pools, abyss_entry, pan_entry,
          cheibrodos_ashenzari_chains, hangedman_coc_ice_floe
Zot:1:    layout_onion_interference, regret_index_zotdec_stipple_waver
Zot:2:    layout_basic, uniq_tiamat, uniq_parghit
Zot:3:    layout_misc_corridors, lemuel_elevator
Zot:4:    layout_gridville, skrybe_zot_glass_1, grunt_megastairs_3
Zot:5:    layout_basic

Skill      XL: |  1  2  3  4  5  6  7  8  9 10 11 12 13 14 15 16 17 18 19 20 21 22 23 24 25 |
---------------+----------------------------------------------------------------------------+-----
Stealth        | 2 4 5 6 10 21 22 | 22.0
Spellcasting   | 1 2 3 4 6 8 9 11 12 14 15 16 | 16.6
Short Blades   | 4 12 13 14 | 14.0
Dodging        | 5 6 10 11 15 16 18 21 22 | 22.0
Evocations     | 2 3 6 8 10 12 14 | 14.0
Fighting       | 3 4 6 8 9 10 12 14 15 | 15.8
Ranged Weapons | 1 5 8 10 12 14 16 17 18 19 21 22 | 22.0
Invocations    | 3 6 8 9 11 12 13 14 | 14.0
Armour         | 1 3 5 6 7 10 11 | 11.1
Translocations | 5 7 8 10 | 10.0
Shields        | 4 8 10 | 10.0
Hexes          | 5 6 |  6.0

Action                     |  1- 3 |  4- 6 |  7- 9 | 10-12 | 13-15 | 16-18 | 19-21 | 22-24 | 25-27 || total
---------------------------+-------+-------+-------+-------+-------+-------+-------+-------+-------++-------
  Melee: Short sword       |    96 |       |       |       |       |       |       |       |       ||    96
         Punch             |     2 |       |       |       |       |       |       |       |       ||     2
         Dagger            |     8 |   132 |   118 |    64 |       |       |       |       |       ||   322
         Staff             |       |     3 |       |       |       |       |       |       |       ||     3
         Quick blade       |       |       |       |       |       |       |    38 |    56 |       ||    94
   Fire: Sling             |    80 |    55 |       |       |       |       |       |       |       ||   135
         Hand cannon       |       |     7 |   150 |   314 |  1177 |  1274 |  1573 |  1693 |   118 ||  6306
  Throw: Stone             |     1 |       |       |       |       |       |       |       |       ||     1
         Dart              |       |       |       |     2 |     2 |     5 |       |     1 |       ||    10
         Throwing net      |       |       |       |     1 |     1 |     5 |       |     1 |       ||     8
   Cast: Apportation       |       |       |       |       |       |     4 |       |     2 |     2 ||     8
         Blink             |       |       |       |       |       |     1 |     5 |     6 |       ||    12
         Dimensional Bulls |       |       |       |       |       |     1 |       |     2 |       ||     3
 Invoke: Heroism           |       |       |       |     6 |    12 |    22 |    11 |    21 |       ||    72
         Finesse           |       |       |       |     2 |     3 |    13 |     6 |    10 |       ||    34
         Receive Weapon    |       |       |       |       |     1 |       |       |       |       ||     1
         Receive Armour    |       |       |       |       |     1 |       |       |       |       ||     1
  Evoke: Wand              |       |       |     3 |    10 |     5 |     8 |     3 |    10 |     3 ||    42
         Lightning rod     |       |       |       |       |       |    11 |     7 |     9 |       ||    27
         Phial of floods   |       |       |       |       |       |     2 |     1 |     1 |     1 ||     5
    Use: Potion            |     1 |       |       |     6 |     1 |     8 |       |     7 |     2 ||    25
         Scroll            |     4 |     3 |     9 |    11 |    19 |    12 |     6 |    13 |     1 ||    78
   Stab: Sleeping          |     6 |     5 |       |     1 |       |       |    13 |     5 |       ||    30
         Invisible         |       |       |       |       |       |       |       |     4 |       ||     4
         Distracted        |       |       |       |       |       |       |       |     1 |       ||     1
 Armour: Robe              |    15 |    24 |    33 |     8 |       |       |       |       |       ||    80
         Acid dragon scale |       |       |       |    89 |   122 |       |       |   114 |     8 ||   333
         Troll leather arm |       |       |       |       |    25 |   161 |   104 |    29 |       ||   319
  Dodge: Dodged            |    72 |    55 |   100 |   306 |   506 |   686 |   608 |   646 |    33 ||  3012
  Block: Buckler           |       |       |       |       |       |   128 |   309 |   357 |     9 ||   803
         Reflection        |       |       |       |       |       |    22 |    73 |    57 |     2 ||   154

Table legend: (Time is in decaauts)
 A = Elapsed time spent in this place.
 B = Non-inter-level travel time spent in this place.
 C = Inter-level travel time spent in this place.
 D = Time resting spent in this place.
 E = Time spent auto-exploring this place.
 F = Levels seen in this place.
 G = Mean time per level.
                   A        B        C        D        E       F      G
               +--------+--------+--------+--------+--------+-----+--------+
         Total |  49182 |  45106 |   4076 |   7744 |  22756 |  56 |  878.2 |
       Dungeon |  17490 |  15421 |   2069 |   4073 |   6307 |  15 | 1166.0 |
        Temple |     32 |      3 |     29 |      0 |      0 |   1 |   32.0 |
          Lair |   5831 |   5295 |    536 |    591 |   3044 |   5 | 1166.2 |
         Swamp |   2875 |   2687 |    188 |    373 |   1496 |   4 |  718.8 |
     Snake Pit |   4090 |   3941 |    149 |   1254 |   1722 |   4 | 1022.5 |
  Orcish Mines |   1181 |    999 |    182 |      9 |    678 |   2 |  590.5 |
   Elven Halls |   3549 |   3422 |    127 |    250 |   2323 |   3 | 1183.0 |
        Vaults |   5217 |   4947 |    270 |    194 |   2977 |   4 | 1304.2 |
        Depths |   3586 |   3197 |    389 |     65 |   2045 |   4 |  896.5 |
           Zot |   3408 |   3275 |    133 |    606 |   1505 |   5 |  681.6 |
         Abyss |    632 |    632 |      0 |     63 |    283 |   5 |  126.4 |
         Trove |     58 |     58 |      0 |      0 |     24 |   1 |   58.0 |
      Ice Cave |    294 |    294 |      0 |    145 |      0 |   1 |  294.0 |
        Wizlab |    286 |    286 |      0 |      0 |    165 |   1 |  286.0 |
      Gauntlet |    646 |    646 |      0 |    116 |    182 |   1 |  646.0 |
               +--------+--------+--------+--------+--------+-----+--------+

Top non-repeatable levels by time:
     D:3: 3380 daAuts
Vaults:1: 2129 daAuts
   Elf:3: 2096 daAuts
 Snake:4: 2072 daAuts
  Lair:2: 1808 daAuts
  Lair:5: 1420 daAuts
     D:1: 1412 daAuts
Vaults:3: 1370 daAuts
     D:4: 1309 daAuts
   Zot:5: 1287 daAuts
     D:2: 1276 daAuts
Depths:4: 1239 daAuts
     D:8: 1223 daAuts
    D:15: 1188 daAuts
  Lair:3: 1144 daAuts
